EVO
WICHITA STATE UNIVERSITY SHOCKERS @ UNIVERSITY OF CALIFORNIA GOLDEN BEARS
11/14/2048
 
TOP OF THE 1ST
Pennsylvania State University Nittany Lions batting - Pitching for University of California Golden Bears : RHP Karl-Anthony Aure
Pitching: RHP Karl-Anthony Aure
Batting: RHB John Hopkins 0-0: Called Strike
0-1: SINGLE (Line Drive, 4D, EV 96.2 MPH)
Batting: RHB Craig Alvarado 0-0: Ball
1-0: Fielders Choice at 2nd, 5-4 (Groundball, 56S, EV 82.5 MPH)
Batting: RHB Kaoru Hamada 0-0: Called Strike
0-1: Ball
1-1: Ball
2-1: Ball
3-1: Swinging Strike
3-2: Foul Ball, location: 2F
3-2: Fly out, F8 (Line Drive, 89M, EV 105.6 MPH)
Batting: SHB Glenn Harrison 0-0: Ball
1-0: Called Strike
1-1: Ball
2-1: Foul Ball, location: 2F
2-2: Strikes out swinging, 2-3 out at first.
Top of the 1st over - 0 runs, 1 hit, 0 errors, 1 left on base; Pennsylvania State University 0 - University of California 0
BOTTOM OF THE 1ST
University of California Golden Bears batting - Pitching for Pennsylvania State University Nittany Lions : RHP Eudaldo Cuyco
Pitching: RHP Eudaldo Cuyco
Batting: LHB Eric Gaugler 0-0: Ball
1-0: Ball
2-0: Ball
3-0: Base on Balls
Batting: LHB Luis Orellana 0-0: Called Strike
0-1: Foul Ball, location: 2F
0-2: Ball
1-2: Grounds into double play, 4-6-3 (Groundball, 4, EV 83.8 MPH)
Batting: LHB Carlos Gaona 0-0: Fly out, F7 (Line Drive, 7, EV 109.4 MPH)
Bottom of the 1st over - 0 runs, 0 hits, 0 errors, 0 left on base; Pennsylvania State University 0 - University of California 0
TOP OF THE 2ND
Pennsylvania State University Nittany Lions batting - Pitching for University of California Golden Bears : RHP Karl-Anthony Aure
Batting: RHB Mike Smith 0-0: Called Strike
0-1: SINGLE (Line Drive, 78S, EV 110.6 MPH)
Batting: SHB Oscar Barahona 0-0: Ball
1-0: Swinging Strike
1-1: Foul Ball, location: 2F
1-2: Ball
2-2: Ball
3-2: Fly out, F9 (Line Drive, 9S, EV 89.4 MPH)
Batting: RHB Klaus Brown 0-0: Ball
1-0: Foul Ball, location: 2F
1-1: Ball
2-1: Foul Ball, location: 2F
2-2: Foul Ball, location: 2F
2-2: Foul Ball, location: 2F
2-2: Ball
3-2: Strikes out swinging
Batting: RHB Fernando Membreno 0-0: Ground out 5-3 (Groundball, 56S, EV 81.9 MPH)
Top of the 2nd over - 0 runs, 1 hit, 0 errors, 1 left on base; Pennsylvania State University 0 - University of California 0
BOTTOM OF THE 2ND
University of California Golden Bears batting - Pitching for Pennsylvania State University Nittany Lions : RHP Eudaldo Cuyco
Batting: SHB Matsudaira Ikeda 0-0: Called Strike
0-1: Swinging Strike
0-2: Foul Ball, location: 2F
0-2: Fly out, F8 (Line Drive, 8RM, EV 98.1 MPH)
Batting: RHB Nate Mahon 0-0: Fly out, F8 (Line Drive, 8RD, EV 94.4 MPH)
Batting: RHB Juan Debayle 0-0: Ball
1-0: Foul Ball, location: 2F
1-1: Foul Ball, location: 2F
1-2: Ball
2-2: Foul Ball, location: 2F
2-2: Ball
3-2: Foul Ball, location: 2F
3-2: Fly out, F9 (Line Drive, 9S, EV 88.1 MPH)
Bottom of the 2nd over - 0 runs, 0 hits, 0 errors, 0 left on base; Pennsylvania State University 0 - University of California 0
TOP OF THE 3RD
Pennsylvania State University Nittany Lions batting - Pitching for University of California Golden Bears : RHP Karl-Anthony Aure
Batting: RHB Jesse Sargent 0-0: Ball
1-0: Called Strike
1-1: Ground out 4-3 (Groundball, 4, EV 103.1 MPH)
Batting: RHB John Hopkins 0-0: Ball
1-0: Ball
2-0: Ball
3-0: Base on Balls
Batting: RHB Craig Alvarado 0-0: Ball
1-0: Ball
2-0: Called Strike
2-1: Foul Ball, location: 2F
2-2: Strikes out swinging
Batting: RHB Kaoru Hamada 0-0: Ball
1-0: Ball
2-0: Called Strike
2-1: Fly out, F9 (Flyball, 89M, EV 95.6 MPH)
Top of the 3rd over - 0 runs, 0 hits, 0 errors, 1 left on base; Pennsylvania State University 0 - University of California 0
BOTTOM OF THE 3RD
University of California Golden Bears batting - Pitching for Pennsylvania State University Nittany Lions : RHP Eudaldo Cuyco
Batting: RHB Mario Diaz 0-0: Reached on error, E5 (Groundball, 56, EV 102.5 MPH)
Batting: RHB Devon Healy 0-0: Ball
Wild Pitch!
Mario Diaz to second
1-0: Ball
2-0: Called Strike
2-1: Foul Ball, location: 2F
2-2: SINGLE (Line Drive, 8RS, EV 93.8 MPH)
Mario Diaz to third
Batting: RHB Domingas Saragoa 0-0: Grounds into double play, 5-4-3 (Groundball, 5S, EV 86.9 MPH)
Mario Diaz scores
Batting: LHB Eric Gaugler 0-0: Swinging Strike
0-1: Ball
1-1: Ball
2-1: Called Strike
2-2: Ball
3-2: Ground out 4-3 (Groundball, 4, EV 101.2 MPH)
Bottom of the 3rd over - 1 run, 1 hit, 1 error, 0 left on base; Pennsylvania State University 0 - University of California 1
TOP OF THE 4TH
Pennsylvania State University Nittany Lions batting - Pitching for University of California Golden Bears : RHP Karl-Anthony Aure
Batting: SHB Glenn Harrison 0-0: Called Strike
0-1: Swinging Strike
0-2: Foul Ball, location: 2F
0-2: Ball
1-2: Ball
2-2: SINGLE (Line Drive, 8LS, EV 110.6 MPH)
Batting: RHB Mike Smith 0-0: Ball
1-0: Foul Ball, location: 2F
1-1: SINGLE (Line Drive, 4MD, EV 102.5 MPH)
Glenn Harrison to second
Batting: SHB Oscar Barahona 0-0: SINGLE (Line Drive, 6D, EV 106.2 MPH)
Glenn Harrison to third
Mike Smith to second
Runner from 3rd tries for Home, SAFE, throw by CF to home
Mike Smith to third
Oscar Barahona to second
Batting: RHB Klaus Brown 0-0: Swinging Strike
0-1: Foul Ball, location: 2F
0-2: Ball
1-2: Ground out 6-3 (Groundball, 56D, EV 100.0 MPH)
Mike Smith scores
Batting: RHB Fernando Membreno 0-0: Foul Ball, location: 2F
0-1: DOUBLE (Flyball, 8RXD, EV 95.6 MPH)
Oscar Barahona scores
Batting: RHB Jesse Sargent 0-0: Ball
1-0: Ball
2-0: Called Strike
2-1: Foul Ball, location: 2F
2-2: Ball
3-2: Base on Balls
Batting: RHB John Hopkins 0-0: Ball
1-0: SINGLE (Line Drive, 4D, EV 100.0 MPH)
Fernando Membreno to third
Jesse Sargent to second
Batting: RHB Craig Alvarado 0-0: Fly out, F4 (Popup, 4S, EV 68.8 MPH)
Batting: RHB Kaoru Hamada 0-0: Ball
1-0: Called Strike
1-1: Called Strike
1-2: Strikes out looking
Top of the 4th over - 3 runs, 5 hits, 0 errors, 3 left on base; Pennsylvania State University 3 - University of California 1
BOTTOM OF THE 4TH
University of California Golden Bears batting - Pitching for Pennsylvania State University Nittany Lions : RHP Eudaldo Cuyco
Batting: LHB Luis Orellana 0-0: Ball
1-0: Foul Ball, location: 2F
1-1: Foul Ball, location: 2F
1-2: Foul Ball, location: 2F
1-2: Ball
2-2: Foul Ball, location: 2F
2-2: Foul Ball, location: 2F
2-2: Foul Ball, location: 2F
2-2: Ball
3-2: Base on Balls
Batting: LHB Carlos Gaona 0-0: Ball
1-0: Ball
2-0: Ball
3-0: Called Strike
3-1: Called Strike
3-2: Grounds into double play, 4-6-3 (Groundball, 4, EV 83.1 MPH)
Batting: SHB Matsudaira Ikeda 0-0: Ground out 5-3 (Groundball, 56, EV 85.6 MPH)
Bottom of the 4th over - 0 runs, 0 hits, 0 errors, 0 left on base; Pennsylvania State University 3 - University of California 1
TOP OF THE 5TH
Pennsylvania State University Nittany Lions batting - Pitching for University of California Golden Bears : RHP Karl-Anthony Aure
Batting: SHB Glenn Harrison 0-0: Ball
1-0: Ball
2-0: Ball
3-0: Base on Balls
Pitching: LHP John van Asten
Batting: RHB Mike Smith 0-0: Foul Ball, location: 2F
0-1: Foul Ball, location: 2F
0-2: Ball
1-2: Ball
2-2: 2-RUN HOME RUN (Flyball, 78XD, EV 100.0 MPH), Distance : 417 ft
Batting: SHB Oscar Barahona 0-0: Called Strike
0-1: Ball
1-1: Ball
2-1: Fly out, F8 (Flyball, 8LM, EV 85.6 MPH)
Batting: RHB Klaus Brown 0-0: Ball
1-0: Ball
2-0: Ball
3-0: Foul Ball, location: 2F
3-1: Base on Balls
Batting: RHB Fernando Membreno 0-0: Foul Ball, location: 2F
0-1: Ball
1-1: Foul Ball, location: 2F
1-2: Ball
2-2: Foul Ball, location: 2F
2-2: Strikes out swinging
Pitching: RHP Luis Lopez
Batting: RHB Jesse Sargent 0-0: Called Strike
0-1: Foul Ball, location: 2F
0-2: Ball
1-2: Ball
2-2: 2-RUN HOME RUN (Flyball, 78XD, EV 100.0 MPH), Distance : 419 ft
Batting: RHB John Hopkins 0-0: Ground out 4-3 (Groundball, 4D, EV 91.2 MPH)
Top of the 5th over - 4 runs, 2 hits, 0 errors, 0 left on base; Pennsylvania State University 7 - University of California 1
BOTTOM OF THE 5TH
University of California Golden Bears batting - Pitching for Pennsylvania State University Nittany Lions : RHP Eudaldo Cuyco
Batting: RHB Nate Mahon 0-0: Swinging Strike
0-1: Foul Ball, location: 2F
0-2: Ball
1-2: Fly out, F9 (Flyball, 89M, EV 90.6 MPH)
Batting: RHB Juan Debayle 0-0: Ball
1-0: Ball
2-0: Called Strike
2-1: Called Strike
2-2: Ball
3-2: Ground out 5-3 (Groundball, 5, EV 102.5 MPH)
Batting: RHB Mario Diaz 0-0: Ball
1-0: Called Strike
1-1: Ground out 1-3 (Groundball, 13S, EV 60.6 MPH)
Bottom of the 5th over - 0 runs, 0 hits, 0 errors, 0 left on base; Pennsylvania State University 7 - University of California 1
TOP OF THE 6TH
Pennsylvania State University Nittany Lions batting - Pitching for University of California Golden Bears : RHP Luis Lopez
Batting: RHB Craig Alvarado 0-0: Called Strike
0-1: Foul Ball, location: 2F
0-2: Ball
1-2: SOLO HOME RUN (Flyball, 89XD, EV 105.6 MPH), Distance : 399 ft
Batting: RHB Kaoru Hamada 0-0: Called Strike
0-1: Called Strike
0-2: Ball
1-2: Fly out, F8 (Flyball, 89M, EV 76.9 MPH)
Batting: SHB Glenn Harrison 0-0: Ball
1-0: Ball
2-0: Ball
3-0: Base on Balls
Batting: RHB Mike Smith 0-0: Fly out, F8 (Flyball, 8LXD, EV 86.2 MPH)
Batting: SHB Oscar Barahona 0-0: Ball
1-0: Called Strike
1-1: Swinging Strike
1-2: Strikes out swinging, 2-3 out at first.
Top of the 6th over - 1 run, 1 hit, 0 errors, 1 left on base; Pennsylvania State University 8 - University of California 1
BOTTOM OF THE 6TH
University of California Golden Bears batting - Pitching for Pennsylvania State University Nittany Lions : RHP Eudaldo Cuyco
Batting: RHB Devon Healy 0-0: Called Strike
0-1: Called Strike
0-2: Ball
1-2: Fly out, F4 (Popup, 4D, EV 67.5 MPH)
Batting: RHB Domingas Saragoa 0-0: Called Strike
0-1: Ball
1-1: Ground out 5-3 (Groundball, 56, EV 98.1 MPH)
Batting: LHB Eric Gaugler 0-0: Called Strike
0-1: Ball
1-1: Swinging Strike
1-2: Ball
2-2: Ball
3-2: Base on Balls
Batting: LHB Luis Orellana 0-0: Called Strike
Eric Gaugler steals 2nd base
0-1: Called Strike
0-2: Ball
1-2: Ground out 4-3 (Groundball, 4S, EV 85.6 MPH)
Bottom of the 6th over - 0 runs, 0 hits, 0 errors, 1 left on base; Pennsylvania State University 8 - University of California 1
TOP OF THE 7TH
Pennsylvania State University Nittany Lions batting - Pitching for University of California Golden Bears : RHP Luis Lopez
Pitching: LHP Jimmy Bolton
Batting: RHB Klaus Brown 0-0: Called Strike
0-1: Foul Ball, location: 2F
0-2: Strikes out swinging
Batting: RHB Fernando Membreno 0-0: Ball
1-0: Called Strike
1-1: Fly out, F8 (Line Drive, 8RD, EV 95.6 MPH)
Batting: RHB Jesse Sargent 0-0: Called Strike
0-1: Ground out 5-3 (Groundball, 25, EV 85.0 MPH)
Top of the 7th over - 0 runs, 0 hits, 0 errors, 0 left on base; Pennsylvania State University 8 - University of California 1
BOTTOM OF THE 7TH
University of California Golden Bears batting - Pitching for Pennsylvania State University Nittany Lions : RHP Eudaldo Cuyco
Pitching: RHP Dave Boudreaux
Batting: LHB Carlos Gaona 0-0: Called Strike
0-1: Ball
1-1: Called Strike
1-2: Ball
2-2: Ball
3-2: DOUBLE (Flyball, 78XD, EV 112.5 MPH)
Batting: SHB Matsudaira Ikeda 0-0: Called Strike
0-1: Swinging Strike
0-2: Ball
1-2: Ball
2-2: Ball
3-2: Fly out, F8 (Flyball, 8RXD, EV 100.6 MPH)
Runner from 2nd tags up, SAFE at 3rd, no throw by CF
Batting: RHB Nate Mahon 0-0: Ball
1-0: Called Strike
1-1: Ball
2-1: Ball
3-1: Base on Balls
Batting: RHB Juan Debayle 0-0: SINGLE (Flyball, 56D, EV 83.1 MPH)
Carlos Gaona scores
Nate Mahon to second
Batting: RHB Mario Diaz 0-0: Called Strike
0-1: Ball
1-1: Called Strike
1-2: Ball
2-2: 3-RUN HOME RUN (Flyball, 78XD, EV 102.5 MPH), Distance : 413 ft
Pitching: RHP Mike Watkins
Batting: RHB Devon Healy 0-0: Called Strike
0-1: Foul Ball, location: 2F
0-2: SINGLE (Line Drive, 7S, EV 89.4 MPH)
Batting: RHB Domingas Saragoa 0-0: Ball
1-0: Foul Ball, location: 2F
1-1: SINGLE (Line Drive, 4D, EV 100.0 MPH)
Devon Healy to second
Runner from 2nd tries for 3rd, SAFE, no throw by CF
Batting: LHB Eric Gaugler 0-0: Ball
1-0: Ball
2-0: Ball
3-0: Called Strike
3-1: Base on Balls
Domingas Saragoa to second
Batting: LHB Luis Orellana 0-0: Called Strike
0-1: Ball
1-1: Ball
2-1: Foul Ball, location: 2F
2-2: Ball
3-2: Strikes out swinging
Batting: LHB Carlos Gaona 0-0: Foul Ball, location: 2F
0-1: Foul Ball, location: 2F
0-2: Strikes out swinging
Bottom of the 7th over - 4 runs, 5 hits, 0 errors, 3 left on base; Pennsylvania State University 8 - University of California 5
TOP OF THE 8TH
Pennsylvania State University Nittany Lions batting - Pitching for University of California Golden Bears : LHP Jimmy Bolton
Pitching: RHP Howie Abrams
Batting: RHB John Hopkins 0-0: Ground out 4-3 (Groundball, 4, EV 90.6 MPH)
Batting: RHB Craig Alvarado 0-0: Ball
1-0: Ground out U3 (Groundball, 3S, EV 67.5 MPH)
Batting: RHB Kaoru Hamada 0-0: Fly out, F9 (Line Drive, 9S, EV 112.5 MPH)
Top of the 8th over - 0 runs, 0 hits, 0 errors, 0 left on base; Pennsylvania State University 8 - University of California 5
BOTTOM OF THE 8TH
University of California Golden Bears batting - Pitching for Pennsylvania State University Nittany Lions : RHP Mike Watkins
Pitching: RHP Colin Walker
Batting: SHB Matsudaira Ikeda 0-0: Ball
1-0: Called Strike
1-1: DOUBLE (Line Drive, 9LD, EV 109.4 MPH)
Batting: RHB Nate Mahon 0-0: Swinging Strike
0-1: Called Strike
0-2: Ball
1-2: Ball
2-2: Ball
3-2: Strikes out looking
Batting: RHB Juan Debayle 0-0: Ball
1-0: Ball
2-0: Fly out, F7 (Flyball, 7, EV 86.2 MPH)
Batting: RHB Mario Diaz 0-0: SINGLE (Line Drive, 4D, EV 98.8 MPH)
Matsudaira Ikeda to third
Runner from 3rd tries for Home, SAFE, throw by CF to home
Mario Diaz to second
Batting: RHB Devon Healy 0-0: Called Strike
0-1: Ball
1-1: Ball
2-1: Foul Ball, location: 2F
2-2: Ball
3-2: Foul Ball, location: 2F
3-2: Ground out 6-3 (Groundball, 6S, EV 83.1 MPH)
Bottom of the 8th over - 1 run, 2 hits, 0 errors, 1 left on base; Pennsylvania State University 8 - University of California 6
TOP OF THE 9TH
Pennsylvania State University Nittany Lions batting - Pitching for University of California Golden Bears : RHP Howie Abrams
Pitching: RHP Steve Clothier
Batting: SHB Glenn Harrison 0-0: Ball
1-0: Called Strike
1-1: Ball
2-1: Ground out 6-3 (Groundball, 6M, EV 101.9 MPH)
Batting: RHB Mike Smith 0-0: Fly out, F9 (Flyball, 9S, EV 91.9 MPH)
Batting: SHB Oscar Barahona 0-0: Called Strike
0-1: SINGLE (Groundball, 34D, EV 96.9 MPH)
Batting: RHB Klaus Brown 0-0: Fly out, F7 (Flyball, 7, EV 83.8 MPH)
Top of the 9th over - 0 runs, 1 hit, 0 errors, 1 left on base; Pennsylvania State University 8 - University of California 6
BOTTOM OF THE 9TH
University of California Golden Bears batting - Pitching for Pennsylvania State University Nittany Lions : RHP Colin Walker
Pitching: RHP Jerry Romero
Now at 3B: Josh Lane
Pinch Hitting: RHB Alex Guerra 0-0: Ball
1-0: SINGLE (Groundball, 34D, EV 106.2 MPH)
Batting: LHB Eric Gaugler 0-0: Called Strike
0-1: Ball
1-1: Ball
2-1: Ball
3-1: Fly out, F8 (Line Drive, 78M, EV 95.0 MPH)
Batting: LHB Luis Orellana 0-0: Ball
1-0: Foul Ball, location: 2F
1-1: Foul Ball, location: 2F
1-2: Foul Ball, location: 2F
1-2: Ball
2-2: Ball
3-2: Strikes out swinging
Batting: LHB Carlos Gaona 0-0: Foul Ball, location: 2F
0-1: Swinging Strike
0-2: Strikes out swinging
Bottom of the 9th over - 0 runs, 1 hit, 0 errors, 1 left on base; Pennsylvania State University 8 - University of California 6
Tuesday, March 28th , 2023 - OOTP Baseball 23.10 Build 110